 Dungeon Crawl Stone Soup version 0.30-a0-743-gbfdf073431 (webtiles) character file.

Game seed: 12467521656412048817

193 Dittersdorf the Covered (level 5, -4/34 HPs)
             Began as a Gargoyle Fighter on Feb 7, 2023.
             Killed by divine providence
             ... invoked by an orc priest
              (8 damage)
             ... on level 3 of the Dungeon.
             The game lasted 00:03:08 (2445 turns).

Dittersdorf the Covered (Gargoyle Fighter)          Turns: 2445, Time: 00:03:08

Health: -4/34      AC: 15    Str: 25    XL:     5   Next: 72%
Magic:  5/5        EV:  9    Int:  8    God:
Gold:   118        SH:  4    Dex:  4    Spells: 4/4 levels left

rFire   + + .      SeeInvis .    t - +1 whip (elec)
rCold   . . .      Faith    .    c - +0 buckler
rNeg    + . .      Spirit   .    b - +0 scale mail
rPois   ∞          Reflect  .    p - +2 hat
rElec   +          Harm     +    s - +0 cloak "Funur" {Harm rF++ Str+3 Dex-5}
rCorr   .          Rampage  .    (no gloves)
Will    .....                    j - +0 pair of boots Stlth
                                 (no amulet)
HPRegen 0.25/turn                (no ring)
MPRegen 0.09/turn                (no ring)

@: no status effects
A: sickness immunity, AC +4, negative energy resistance 1, electricity
resistance, torment resistance 1, petrification resistance
a: no special abilities


You were on level 3 of the Dungeon.
You visited 1 branch of the dungeon, and saw 3 of its levels.

You collected 118 gold pieces.

Inventory:

Hand Weapons
 a - a +0 flail
 t - a +1 whip of electrocution (weapon)
Missiles
 n - 2 poisoned darts (quivered)
Armour
 b - a +0 scale mail (worn)
 c - a +0 buckler (worn)
 j - a +0 pair of boots (worn)
 p - a +2 hat (worn)
 s - the +0 cloak "Funur" (worn) {Harm rF++ Str+3 Dex-5}
   (You found it on level 3 of the Dungeon)

   Str:       It affects your strength (+3).
   Dex:       It affects your dexterity (-5).
   rF:        It greatly protects you from fire.
   Harm:      It increases damage dealt and taken.
Scrolls
 h - a scroll of amnesia {unknown}
 k - a scroll of enchant weapon {unknown}
 l - a scroll of enchant armour {unknown}
 m - a scroll of teleportation {unknown}
 o - a scroll of blinking {unknown}
Potions
 d - a potion of might
 e - 2 potions of curing {unknown}
 i - 2 potions of heal wounds
 r - a potion of magic


   Skills:
 + Level 4.4 Fighting
 + Level 3.3 Maces & Flails
 + Level 4.4 Armour
 + Level 4.4 Shields


You had 4 spell levels left.
You didn't know any spells.
Your spell library contained the following spells:

 Spells                   Type           Power      Damage    Failure   Level
 Magic Dart               Conj           0%         1d3       78%         1
 Call Imp                 Summ           0%         N/A       89%         2
 Mephitic Cloud           Conj/Pois/Air  0%         N/A       98%         3


Dungeon Overview and Level Annotations

Branches:
Dungeon (3/15)

Altars:


Innate Abilities, Weirdness & Mutations

You are immune to sickness and miasma.
Your stone body is resilient. (AC +4)
You are immune to poison.
You resist negative energy. (rN+)
You are resistant to electric shocks. (rElec)
You are resistant to unholy torment.
You are immune to petrification.


Message History

No target in view!
You now have 118 gold pieces (gained 19).
An orc comes into view. It is wielding a +0 flail.
The orc shouts!
No reachable target in view!
No reachable target in view!
An orc priest comes into view. It is wielding a +0 whip.
The orc throws a boomerang.
The boomerang hits you but does no damage.
The orc priest mumbles some strange prayers to Beogh against you.
Beogh smites you!
The orc throws a boomerang.
The boomerang hits you but does no damage.
A kobold comes into view. It is wielding a +0 short sword.
The kobold shouts!
You hear a shout! x2
The orc priest hits you but does no damage.
An orc priest comes into view. It is wielding a +1 whip of pain.
You hear an angry hiss.
You hit the orc priest but do no damage.
An orc comes into view. It is wielding a +0 hand axe.
The orc priest invokes the aid of Beogh against you.
Beogh smites you!
* * * LOW HITPOINT WARNING * * *
You closely miss the orc priest.
The orc priest hits you but does no damage.
You hit the orc priest but do no damage.
The orc priest miscasts a cantrip.
You completely miss the orc priest.
The orc priest looks encouraged for a moment.
You hit the orc priest.
Lightning courses through the orc priest!
You kill the orc priest!
You barely miss the orc priest.
The orc priest hits you with a +1 whip of pain.
* * * LOW HITPOINT WARNING * * *
You writhe in agony.
* * * LOW HITPOINT WARNING * * *
You hit the orc priest but do no damage.
The orc priest invokes the aid of Beogh against you.
Beogh smites you!
You die...

#.....#.....#
....#.#.....#
.#.##.......#
..........###
##<##.....## #[#.......#
##...###...##### #.#
##..###........####....§
##..# #......#..@oo.≈§§§
.#..###.......####..≈o.§
......#.....#.# .≈K≈≈
##..#.......#.# ≈.≈.
##..###.....#.. §≈.
....# #......... ..
#...###.....##... ≈
............ ...
#...###.. ...


You could see an orc priest, 2 orcs and a kobold.

Vanquished Creatures
  An orc priest (D:3)
  An orc wizard (D:3)
  4 adders (D:2)
  3 worms (D:2)
  10 orcs (D:3)
  5 endoplasms
  5 giant cockroaches
  4 goblins
  2 hobgoblins (D:2)
  6 jackals
  4 quokkas
  7 ball pythons
  6 bats
  3 frilled lizards
  14 kobolds
  7 rats
82 creatures vanquished.

Vanquished Creatures (others)
  9 plants (D:2)
9 creatures vanquished.

Grand Total: 91 creatures vanquished

Notes
Turn   | Place    | Note
-------+----------+-------------------------------------------
     0 | D:1      | Dittersdorf the Gargoyle Fighter began the quest for the
                  | Orb.
     0 | D:1      | Reached XP level 1. HP: 14/14 MP: 1/1
   141 | D:1      | Reached XP level 2. HP: 15/19 MP: 2/2
   849 | D:1      | Reached XP level 3. HP: 24/24 MP: 3/3
  1198 | D:2      | You fall into a shaft and drop 1 floor!
  1199 | D:3      | yay!
  1215 | D:3      | Reached XP level 4. HP: 27/29 MP: 4/4
  1454 | D:3      | Identified the +0 cloak "Funur" {Harm rF++ Str+3 Dex-5}
  1514 | D:2      | Reached XP level 5. HP: 11/33 MP: 5/5
  2445 | D:3      | Killed from afar by an orc priest

Illustrated notes

#.. #.. #..
#. ##.. ..
###... ##.#
.....##...#
#.....# #@#
#.# ..#
.### .. ..
... ?..


Turn 1199 on D:3: yay!

Levels and vault maps discovered:
D:1:      enne_arrival_octagon_isle, layout_basic, roderic_lattice_a,
          interstate_on_off, nrook_mini_vaults, minmay_hexomino_c4
D:2:      layout_basic, minmay_misc_feat_chi, minivault_19,
          lexackson_kobold_supper
D:3:      layout_rooms, mainiacjoe_overflow_concentric_impassable

Skill      XL: |  1  2  3  4 |
---------------+-------------+-----
Fighting       | 4 |  4.4
Armour         | 4 |  4.4
Shields        | 4 |  4.4
Maces & Flails | 3 |  3.3

Action                     |  1- 3 |  4- 6 || total
---------------------------+-------+-------++-------
  Melee: Flail             |   133 |   127 ||   260
         Whip              |       |    89 ||    89
    Use: Scroll            |       |     4 ||     4
 Armour: Scale mail        |    76 |   257 ||   333
  Dodge: Dodged            |    82 |   191 ||   273
  Block: Buckler           |    32 |    58 ||    90

Table legend: (Time is in decaauts)
 A = Elapsed time spent in this place.
 B = Non-inter-level travel time spent in this place.
 C = Inter-level travel time spent in this place.
 D = Time resting spent in this place.
 E = Time spent auto-exploring this place.
 F = Levels seen in this place.
 G = Mean time per level.
                   A        B        C        D        E       F      G
               +--------+--------+--------+--------+--------+-----+--------+
         Total |   2522 |   2447 |     75 |    266 |   1499 |   3 |  840.7 |
       Dungeon |   2522 |   2447 |     75 |    266 |   1499 |   3 |  840.7 |
               +--------+--------+--------+--------+--------+-----+--------+

Top non-repeatable levels by time:
     D:1: 1068 daAuts
     D:2: 994 daAuts
     D:3: 459 daAuts
